 Dungeon Crawl Stone Soup version 0.29-a0-384-g6960b1960d (webtiles) character file.

Game seed: 2531272580287007701

2762 ryw the Covert (level 9, -2/62 HPs)
             Began as an Octopode Brigand on May 8, 2022.
             Was a Follower of Dithmenos.
             Slain by a centaur
             ... wielding a +0 trident
              (8 damage)
             ... on level 6 of the Dungeon.
             The game lasted 00:22:19 (9232 turns).

ryw the Covert (Octopode Brigand)                   Turns: 9232, Time: 00:22:20

Health: -2/62      AC:  1    Str: 18    XL:     9   Next: 69%
Magic:  33/33      EV: 15    Int: 21    God:    Dithmenos [*.....]
Gold:   401        SH:  0    Dex: 15    Spells: 16/16 levels left

rFire   + . .      SeeInvis .   g - +5 dagger of Paace {vamp, Str+3 Stlth+}
rCold   . . .      Faith    +   (no shield)
rNeg    + . .      Spirit   .   (helmet restricted)
rPois   .          Reflect  .   A - amulet of faith
rElec   .          Harm     .   d - ring "Fuefopar" {rF+ Will+ MP+9 Str+4 Int+6}
rCorr   .          Rampage  .   f - ring of magical power
Will    +....                   o - ring of positive energy
Stlth   +++++++...              (no ring)
HPRegen 0.20/turn               (no ring)
MPRegen 0.23/turn               (no ring)
                                (no ring)
                                (no ring)

@: brilliant, wreathed by umbra
A: almost no armour, amphibious, 8 rings, camouflage 1, gelatinous body 1,
(nimble swimmer 1), tentacles
a: Renounce Religion


You were on level 6 of the Dungeon.
You worshipped Dithmenos.
Dithmenos was aware of your devotion.
You visited 2 branches of the dungeon, and saw 8 of its levels.
You also visited: Sewer.

You collected 401 gold pieces.

Inventory:

Hand Weapons
 g - the +5 dagger of Paace (weapon) {vamp, Str+3 Stlth+}
   (You found it on level 5 of the Dungeon)

   It occasionally heals its wielder for a portion of the damage dealt when it
   wounds a living foe.
   Str:       It affects your strength (+3).
   Stlth:     It makes you more stealthy.
Missiles
 b - 9 poisoned darts
 s - 4 silver boomerangs (quivered)
 u - a throwing net
 D - 5 javelins
Jewellery
 d - the ring "Fuefopar" (left tentacle) {rF+ Will+ MP+9 Str+4 Int+6}
   (You acquired it on level 1 of the Dungeon)

   [ring of intelligence]

   Str:       It affects your strength (+4).
   Int:       It affects your intelligence (+6).
   rF:        It protects you from fire.
   MP:        It affects your magic capacity (+9).
   Will:      It increases your willpower.
 f - a ring of magical power (right tentacle)
 o - a ring of positive energy (on tentacle)
 y - an amulet of the acrobat
 A - an amulet of faith (around mantle)
Wands
 r - a wand of acid (19)
Scrolls
 c - a scroll of silence
 h - a scroll of fog
 x - 2 scrolls of poison
Potions
 e - 2 potions of ambrosia
 i - 2 potions of haste
 j - a potion of invisibility
 k - a potion of might
 l - a potion of magic
 m - 2 potions of lignification
 q - 3 potions of mutation
 t - a potion of flight
 z - a potion of brilliance


   Skills:
 + Level 6.0 Fighting
 + Level 7.2 Short Blades
 - Level 2.0 Throwing
 + Level 5.6 Dodging
 + Level 9.7 Stealth
 - Level 4.1 Spellcasting


You had 16 spell levels left.
You didn't know any spells.
Your spell library contained the following spells:

 Spells                   Type           Power      Damage    Failure   Level
 Gell's Gravitas          Tloc           6%         N/A       34%         3
 Teleport Other           Tloc           6%         N/A       34%         3
 Dispersal                Tloc           3%         N/A       100%        6


Dungeon Overview and Level Annotations

Branches:
Dungeon (7/15)             Temple (1/1) D:5           Sewer (visited)

Altars:
Ashenzari
Cheibriados
Dithmenos
Elyvilon
Fedhas
Gozag
Hepliaklqana
Nemelex Xobeh
Okawaru
Ru
Trog
Uskayaw
Vehumet
Wu Jian
Xom
Yredelemnul

Annotations:
D:3 1 runed translucent door, JumbleTraveling's ghost, amateur GrBe


Innate Abilities, Weirdness & Mutations

You cannot wear most types of armour.
You are amphibious.
You can wear up to eight rings at the same time.
Your skin changes colour to match your surroundings (Stealth+).
Your rubbery body absorbs attacks. (AC +1, EV +1)
((You are camouflaged when in or above water. (Stealth+)))
You have tentacles for arms and can constrict up to eight enemies at once.


Message History

You start resting.
A centaur is nearby!
The centaur shouts!
The centaur unwields a +0 trident.
The centaur wields a +0 shortbow.
The centaur shoots an arrow.
The arrow hits you.
The centaur shoots an arrow.
The arrow hits you!
The centaur unwields a +0 shortbow.
The centaur wields a +0 trident.
The centaur hits you with a +0 trident! The centaur closely misses you.
You hit the centaur.
You feel better.
You squeeze the centaur!
The centaur is heavily wounded.
The centaur closely misses you. The centaur kicks you.
You hit the centaur.
You feel better.
The centaur is heavily wounded.
The centaur hits you with a +0 trident. The centaur misses you.
You hit the centaur but do no damage.
The centaur is heavily wounded.
The centaur hits you with a +0 trident! The centaur completely misses you.
You hit the centaur.
The centaur is severely wounded.
The centaur hits you with a +0 trident.
* * * LOW HITPOINT WARNING * * *
The centaur kicks you.
* * * LOW HITPOINT WARNING * * *
You barely miss the centaur. You squeeze the centaur.
The centaur is severely wounded.
The centaur closely misses you. The centaur kicks you.
* * * LOW HITPOINT WARNING * * *
Unknown command.
It was a potion of brilliance.
You feel clever all of a sudden. The centaur closely misses you.
The centaur misses you.
It was a potion of heal wounds.
You feel much better. The centaur hits you with a +0 trident!
The centaur misses you. The centaur hits you with a +0 trident!
* * * LOW HITPOINT WARNING * * *
The centaur misses you.
You hit the centaur.
The centaur is almost dead.
The centaur hits you with a +0 trident!
You die...

#..................>.....##
##.....#..................##
####..#........#...........
#.##.......###........##
##.##...>...# ###......#
#..##......## ##.....#
#.###......# ###.### ##.#
#...c.## ### #.## #...@.#
##.# #.....# ##..# #....##
##...####....#
###.....##.....#
##..###...#.....# # ##..##
##..#....## # ..###
##......# # .## ##.....# ##


You could see a centaur.

Vanquished Creatures
  A gargoyle (D:7)
  Sigmund (D:2)
  A wraith (D:5)
  A water moccasin (D:7)
  2 orc warriors
  3 ogres
  A black bear (D:4)
  3 centaurs
  A phantom (D:6)
  Blork the orc (D:4)
  A necrophage (D:7)
  7 scorpions
  3 wights (D:7)
  A jelly (D:5)
  6 iguanas
  3 orc wizards
  3 gnolls
  10 adders
  2 river rats
  3 white imps
  An ufetubus (D:4)
  4 worms
  4 dart slugs
  6 orcs
  8 ball pythons
  8 endoplasms
  5 giant cockroaches
  4 goblins
  8 hobgoblins
  7 jackals
  7 kobolds
  3 quokkas
  5 bats
  10 frilled lizards
  8 rats
142 creatures vanquished.

Vanquished Creatures (collateral kills)
  A white imp (D:6)
1 creature vanquished.

Grand Total: 143 creatures vanquished

Notes
Turn   | Place    | Note
-------+----------+-------------------------------------------
     0 | D:1      | ryw the Octopode Brigand began the quest for the Orb.
     0 | D:1      | Reached XP level 1. HP: 14/14 MP: 1/1
   134 | D:1      | Reached XP level 2. HP: 12/19 MP: 2/2
   359 | D:1      | Found a faded altar of an unknown god.
   909 | D:1      | Identified a scroll of acquirement
   909 | D:1      | Acquired the ring "Fuefopar" {rF+ Will+ MP+9 Str+4 Int+6}
   992 | D:2      | Reached XP level 3. HP: 24/24 MP: 3/3
  1577 | D:2      | Noticed Sigmund
  1947 | D:2      | Reached XP level 4. HP: 29/29 MP: 4/4
  2611 | D:3      | Found a runed translucent door.
  2617 | D:3      | Noticed JumbleTraveling's ghost (amateur GrBe)
  3107 | D:4      | Reached XP level 5. HP: 17/34 MP: 5/5
  3347 | D:4      | Reached skill level 1 in Spellcasting
  3418 | D:4      | Reached skill level 6 in Stealth
  3418 | D:4      | Reached XP level 6. HP: 41/41 MP: 8/8
  3444 | D:4      | Noticed a black bear
  3467 | D:4      | Killed a black bear
  3468 | D:4      | Reached skill level 5 in Short Blades
  3727 | D:4      | Noticed Blork the orc
  3745 | D:4      | Killed Blork the orc
  3746 | D:4      | Reached XP level 7. HP: 46/46 MP: 10/10
  4386 | D:4      | Found a radiant altar of Vehumet.
  4389 | D:4      | Found a bloodstained altar of Trog.
  4395 | D:4      | Found a sacrificial altar of Ru.
  4561 | D:2      | Killed Sigmund
  4759 | D:5      | Entered Level 5 of the Dungeon
  4786 | D:5      | Found a staircase to the Ecumenical Temple.
  4825 | D:5      | Noticed a wraith
  4833 | D:5      | Killed a wraith
  4834 | D:5      | Reached skill level 7 in Stealth
  4911 | D:5      | Reached XP level 8. HP: 46/54 MP: 12/12
  5100 | D:5      | Found a glowing drain.
  5133 | Sewer    | Entered a sewer
  5608 | D:5      | Identified the +5 dagger of Paace {vamp, Str+3 Stlth+}
  5665 | Temple   | Entered the Ecumenical Temple
  5722 | Temple   | Became a worshipper of Dithmenos the Shadowed
  6192 | D:5      | Reached skill level 8 in Stealth
  7440 | D:6      | Reached skill level 5 in Fighting
  7440 | D:6      | Reached XP level 9. HP: 41/61 MP: 15/15
  7820 | D:6      | HP: 2/61 [centaur/+0 trident (9)]
  8612 | D:6      | Reached skill level 5 in Dodging
  8895 | D:7      | Reached skill level 9 in Stealth
  8896 | D:7      | Reached * piety under Dithmenos
  8945 | D:7      | Noticed a gargoyle
  8949 | D:7      | Killed a gargoyle
  9232 | D:6      | Slain by a centaur

Illustrated notes

Levels and vault maps discovered:
D:1:      nagdon_arrival_zigzag_paths, layout_basic, basic_ecumenical_altar,
          amcnicky_mini_pool_small
D:2:      layout_basic, uniq_sigmund
D:3:      layout_loops_corners, ebering_ghost_reflecting_pool
D:4:      layout_loops_ring, grunt_temple_overflow_diamond, uniq_blork_the_orc
D:5:      layout_loops_ring, minmay_temple_entry_trees, portal_sewer_entry_b
D:6:      layout_cave_pods
D:7:      layout_loops_ring, mainiacjoe_overflow_alcove_4, enter_bailey_3
Temple:   regret_index_temple_waves

Skill      XL: |  1  2  3  4  5  6  7  8  9 |
---------------+----------------------------+-----
Short Blades   | 3 4 5 6 7 |  7.2
Spellcasting   | 1 2 4 |  4.1
Dodging        | 2 3 4 5 |  5.6
Stealth        | 6 7 8 9 |  9.7
Fighting       | 3 5 6 |  6.0
Throwing       | |  2.0

Action                   |  1- 3 |  4- 6 |  7- 9 || total
-------------------------+-------+-------+-------++-------
Melee: Dagger            |    62 |    55 |   185 ||   302
       Constrict         |    18 |    12 |    32 ||    62
       Punch             |     1 |     2 |     4 ||     7
       Tentacles         |     7 |    12 |    47 ||    66
Throw: Dart              |     5 |    14 |    12 ||    31
       Boomerang         |       |       |     8 ||     8
  Use: Scroll            |     2 |     7 |    12 ||    21
       Potion            |       |       |     7 ||     7
 Stab: Sleeping          |    15 |    11 |    30 ||    56
       Distracted        |       |       |     1 ||     1
Armor: Skin              |     4 |     2 |     5 ||    11
Dodge: Dodged            |    25 |    20 |   127 ||   172

Table legend: (Time is in decaauts)
 A = Elapsed time spent in this place.
 B = Non-inter-level travel time spent in this place.
 C = Inter-level travel time spent in this place.
 D = Time resting spent in this place.
 E = Time spent auto-exploring this place.
 F = Levels seen in this place.
 G = Mean time per level.
                   A        B        C        D        E       F      G
               +--------+--------+--------+--------+--------+-----+--------+
         Total |   9140 |   8631 |    509 |   2280 |   4901 |   9 | 1015.6 |
       Dungeon |   8574 |   8109 |    465 |   2154 |   4682 |   7 | 1224.9 |
        Temple |    102 |     58 |     44 |      0 |     43 |   1 |  102.0 |
         Sewer |    463 |    463 |      0 |    126 |    176 |   1 |  463.0 |
               +--------+--------+--------+--------+--------+-----+--------+

Top non-repeatable levels by time:
     D:5: 1778 daAuts
     D:6: 1643 daAuts
     D:4: 1511 daAuts
     D:2: 1363 daAuts
     D:3: 1160 daAuts
     D:1: 982 daAuts
   Sewer: 463 daAuts
     D:7: 134 daAuts
  Temple: 102 daAuts
